 Dungeon Crawl Stone Soup version 0.23.2-1-ga50397a6bc (webtiles) character file.

Game seed: 17316708353294026109

931 Lysie the Geomancer (level 8, -7/41 HPs)
             Began as a Gargoyle Earth Elementalist on May 14, 2019.
             Was an Initiate of Vehumet.
             Mangled by Duvessa
             ... wielding a +0 rapier
              (12 damage)
             ... on level 6 of the Dungeon.
             The game lasted 00:11:37 (4823 turns).

Lysie the Geomancer (Gargoyle Earth Elementalist)   Turns: 4823, Time: 00:11:37

Health: -7/41      AC:  8    Str: 11    XL:     8   Next: 11%
Magic:  2/17       EV: 12    Int: 19    God:    Vehumet [......]
Gold:   273        SH:  0    Dex: 10    Spells: 10/19 levels left

rFire    . . .     SeeInvis .   p - +2 dagger (elec)
rCold    . . .     Gourm    .   (no shield)
rNeg     + . .     Faith    .   c - +1 robe
rPois    ∞         Spirit   .   (no helmet)
rElec    +         Reflect  .   (no cloak)
rCorr    .         Harm     .   (no gloves)
MR       .....                  (no boots)
Stlth    ++........             m - amulet of the acrobat
HPRegen  0.13/turn              (no ring)
MPRegen  0.15/turn              (no ring)

@: about to teleport
A: negative energy resistance 1, electricity resistance, unbreathing,
petrification resistance, rot immunity, AC +5
a: Renounce Religion


You were on level 6 of the Dungeon.
You worshipped Vehumet.
Vehumet was noncommittal.
You were not hungry.

You visited 2 branches of the dungeon, and saw 7 of its levels.

You collected 273 gold pieces.

Inventory:

Hand Weapons
 p - a +2 dagger of electrocution (weapon)
Missiles
 b - 58 stones (quivered)
Armour
 c - a +1 robe (worn)
Jewellery
 m - an amulet of the acrobat (around neck)
Wands
 e - a wand of random effects (15)
 h - a wand of acid (11)
Scrolls
 a - 2 scrolls of amnesia
 f - a scroll of enchant armour
 g - a scroll of fog
 l - a scroll of noise {unknown}
 n - a scroll of fear
 o - a scroll of remove curse
 t - a scroll of enchant weapon {unknown}
 w - a scroll of immolation {unknown}
Potions
 i - a potion of might
 j - a potion of resistance {unknown}
 q - a potion of haste {unknown}
 r - 2 potions of degeneration {unknown}
 s - a potion of lignification {unknown}
 v - 2 potions of curing {unknown}
Comestibles
 d - 5 rations


   Skills:
 - Level 1.5 Dodging
 - Level 2.1 Stealth
 + Level 6.1 Spellcasting
   Level 0.7 Transmutations
 + Level 8.5 Earth Magic


You had 10 spell levels left.
You knew the following spells:

 Your Spells              Type           Power        Failure   Level  Hunger
a - Sandblast             Erth           #####.       1%          1    None
b - Stone Arrow           Conj/Erth      ###...       6%          3    ##.....
c - Lee's Rapid Deconstr  Erth           #####.....   10%         5    #####..

Your spell library contained the following spells:

 Spells                   Type           Power        Failure   Level  Hunger
 Passwall                 Tmut/Erth      ###.....     2%          2    None
 Petrify                  Tmut/Erth      ###.....     17%         4    ####...


Dungeon Overview and Level Annotations

Branches:
Dungeon (6/15)             Temple (1/1) D:5

Altars:
Cheibriados
Dithmenos
Elyvilon
Fedhas
Gozag
Hepliaklqana
Nemelex Xobeh
Okawaru
Qazlal
Ru
Sif Muna
Trog
Uskayaw
Vehumet
Wu Jian
Xom
Yredelemnul
Zin
The Shining One

Annotations:
D:6 Duvessa


Innate Abilities, Weirdness & Mutations

You are resistant to torment.
Your stone body is resilient. (AC +5)
You are immune to poison.
You resist negative energy. (rN+)
You are resistant to electric shocks. (rElec)
You can survive without breathing.
You are immune to petrification.
You are immune to rotting.


Message History

b - 58 stones Duvessa hits you with a +0 rapier.
As you read the scroll of fear, it crumbles to dust.
You assume a fearsome visage.
The centaur resists with some effort.
Duvessa hits you with a +0 rapier!
* * * LOW HITPOINT WARNING * * *
Duvessa hits you with a +0 rapier.
* * * LOW HITPOINT WARNING * * *
Okay, then.
Okay, then.
Okay, then.
Evoke which item? (* to show all) (? for menu, Esc to quit)
Aiming: Corrosive Bolt
Press: ? - help, Shift-Dir - straight line, f/p - Duvessa
Aim: Duvessa, wielding a +0 rapier and wearing a +0 ring mail (heavily wounded, berserk, fast, unusually strong)
Okay, then.
Unknown command.
As you read the scroll of teleportation, it crumbles to dust.
You feel strangely unstable. Duvessa hits you with a +0 rapier!
You die...

......).### #####..###
..........# #........#
..........# ##......##
..........# #......#
..........## #......#
...........####.....#
........##.c# ##....#
....#######e####)†..#
#### #.@......##
##........# ##.........#
#############)........##
#........<.##.........#
#..........#.#........#
.............#.......##
............##.......#
...........###......##


You could see Duvessa (berserk) and a centaur.

Vanquished Creatures
  An ice beast (D:5)
  3 ogres (D:5)
  A centaur (D:6)
  A bullfrog (D:5)
  Dowan (D:6)
  A bullfrog skeleton (D:5)
  2 hounds
  A jelly (D:3)
  A centaur skeleton (D:6)
  An orc wizard (D:4)
  A worker ant (D:4)
  3 gnolls (D:6)
  6 adders
  A worm (D:2)
  2 dart slugs
  5 leopard geckos
  16 orcs
  4 giant cockroaches
  9 goblins
  4 hobgoblins
  22 jackals
  4 kobolds
  A ball python (D:3)
  9 bats
  2 frilled lizards
  A leopard gecko skeleton (D:6)
  A quokka skeleton (D:4)
  A quokka zombie (D:5)
  3 rats
  A plant (D:2)
109 creatures vanquished.

Notes
Turn   | Place    | Note
-------+----------+-------------------------------------------
     0 | D:1      | Lysie the Gargoyle Earth Elementalist began the quest for
                  | the Orb.
     0 | D:1      | Reached XP level 1. HP: 10/10 MP: 3/3
   209 | D:1      | Reached skill level 4 in Earth Magic
   209 | D:1      | Reached XP level 2. HP: 12/15 MP: 3/5
   821 | D:2      | Reached XP level 3. HP: 15/19 MP: 4/7
   826 | D:2      | Learned a level 3 spell: Stone Arrow
  1171 | D:2      | Reached XP level 4. HP: 24/24 MP: 4/8
  1390 | D:2      | Found a sacrificial altar of Ru.
  1628 | D:3      | Reached skill level 5 in Earth Magic
  1778 | D:3      | Reached XP level 5. HP: 25/28 MP: 8/10
  2284 | D:4      | Reached skill level 6 in Earth Magic
  2399 | D:4      | Noticed an ogre
  2427 | D:4      | Reached XP level 6. HP: 24/32 MP: 12/12
  2872 | D:5      | Entered Level 5 of the Dungeon
  3193 | D:5      | Learned a level 5 spell: Lee's Rapid Deconstruction
  3295 | D:5      | Noticed an ice beast
  3312 | D:5      | Killed an ice beast
  3312 | D:5      | Reached skill level 5 in Spellcasting
  3312 | D:5      | Reached skill level 7 in Earth Magic
  3312 | D:5      | Reached XP level 7. HP: 16/36 MP: 0/14
  3520 | D:5      | Found a staircase to the Ecumenical Temple.
  3539 | Temple   | Entered the Ecumenical Temple
  3549 | Temple   | Became a worshipper of Vehumet
  4260 | D:6      | Reached skill level 8 in Earth Magic
  4467 | D:6      | Reached XP level 8. HP: 36/41 MP: 14/16
  4772 | D:6      | Noticed Dowan
  4773 | D:6      | Noticed Duvessa
  4787 | D:6      | Killed Dowan
  4823 | D:6      | Mangled by Duvessa

Skill      XL: |  1  2  3  4  5  6  7  8 |
---------------+-------------------------+-----
Earth Magic    | 4 5 6 7 8 |  8.5
Spellcasting   | 3 4 5 6 |  6.1
Dodging        | |  1.5
Stealth        | |  2.1
Transmutations | |  0.7

Action                   |  1- 3 |  4- 6 |  7- 9 || total
-------------------------+-------+-------+-------++-------
Melee: Unarmed           |    16 |       |       ||    16
       Dagger            |    46 |   329 |    26 ||   401
 Cast: Sandblast         |    32 |    44 |    26 ||   102
       Stone Arrow       |       |     7 |    14 ||    21
       Lee's Rapid Decon |       |       |     1 ||     1
  Use: Scroll            |       |    10 |     2 ||    12
 Stab: Sleeping          |     1 |     2 |     2 ||     5
  Eat: Chunk             |       |     3 |     2 ||     5
       Ration            |       |     2 |     1 ||     3
Armor: Robe              |    28 |    96 |    12 ||   136
Dodge: Dodged            |    72 |   216 |    23 ||   311
